 Dungeon Crawl Stone Soup version 0.26.1-11-gd32895ea62 (webtiles) character file.

Game seed: 11257445505507966896

22 Zeld the Sneak (level 2, -3/19 HPs)
             Began as an Octopode Brigand on May 14, 2021.
             Slain by a kobold
             ... wielding a +0 short sword
              (5 damage)
             ... on level 1 of the Dungeon.
             The game lasted 00:01:20 (698 turns).

Zeld the Sneak (Octopode Brigand)                    Turns: 698, Time: 00:01:21

Health: -3/19      AC:  1    Str: 10    XL:     2   Next: 91%
Magic:  3/3        EV: 13    Int: 13    God:
Gold:   69         SH:  0    Dex: 13    Spells: 3/3 levels left

rFire    . . .     SeeInvis .   a - +2 dagger
rCold    . . .     Faith    .   (no shield)
rNeg     . . .     Spirit   .   (helmet restricted)
rPois    .         Reflect  .   (no amulet)
rElec    .         Harm     .   (no ring)
rCorr    .         Rampage  .   (no ring)
Will     .....                  (no ring)
Stlth    ++++......             (no ring)
HPRegen  0.06/turn              (no ring)
MPRegen  0.08/turn              (no ring)
                                (no ring)
                                (no ring)

@: no status effects
A: almost no armour, stealthy swim, amphibious, 8 rings, constrict 8, camouflage
1, gelatinous body 1
a: no special abilities


You were on level 1 of the Dungeon.
You visited 1 branch of the dungeon, and saw 1 of its levels.

You collected 69 gold pieces.

Inventory:

Hand Weapons
 a - a +2 dagger (weapon)
Missiles
 b - 8 poisoned darts (quivered)
 c - 2 curare-tipped darts
Scrolls
 e - a scroll of random uselessness {unknown}
 f - 4 scrolls of enchant weapon {unknown}
 g - a scroll of identify {unknown}
Potions
 d - 2 potions of invisibility {unknown}


   Skills:
 - Level 2.0 Fighting
 * Level 3.0 Short Blades
 - Level 2.0 Throwing
 - Level 1.0 Dodging
 - Level 5.3 Stealth
 + Level 1.0 Spellcasting


You had 3 spell levels left.
You didn't know any spells.
Your spell library was empty.

Dungeon Overview and Level Annotations

Branches:
Dungeon (1/15)

Altars:


Innate Abilities, Weirdness & Mutations

You cannot wear most types of armour.
You are very stealthy in the water. (Stealth+)
You are amphibious.
You can wear up to eight rings at the same time.
You can use your tentacles to constrict eight enemies at once.
Your skin changes colour to match your surroundings (Stealth+).
Your rubbery body absorbs attacks. (AC +1, EV +1)


Message History

The jackal barely misses you. The jackal bites you.
* * * LOW HITPOINT WARNING * * *
Press: ? - help, v - describe, . - travel
Here: a kobold, wielding a +0 short sword The floor.
You release your grip on the jackal.
The jackal closely misses you.
You miss the jackal. Your grab misses the jackal.
The jackal is severely wounded.
The jackal misses you.
You closely miss the jackal. Your grab misses the jackal.
The jackal is severely wounded.
The jackal bites you.
* * * LOW HITPOINT WARNING * * *
You hit the jackal. You grab the jackal. You squeeze the jackal.
You kill the jackal!
Your Short Blades skill increases to level 3!
You closely miss the kobold. Your grab misses the kobold.
The kobold hits you with a +0 short sword.
You die...

....>....#
#...#####.##
#.......#
###.......##
#.......#
####..#..# #.##
##(###.# #..##
#..# #.. ##..###
##.## ### ##.hh#
#..# ###K# #.##
#@#### #.#
#....#####.######
####............##
##.....>.......#
#...............
#...............
#...........)...
#..............รท
#........)......


You could see 2 jackals and a kobold.

Vanquished Creatures
  A dart slug (D:1)
  A leopard gecko (D:1)
  A giant cockroach (D:1)
  A goblin (D:1)
  3 hobgoblins (D:1)
  2 jackals (D:1)
  A bat (D:1)
  A frilled lizard (D:1)
  3 kobolds (D:1)
  4 rats (D:1)
18 creatures vanquished.

Notes
Turn   | Place    | Note
-------+----------+-------------------------------------------
     0 | D:1      | Zeld the Octopode Brigand began the quest for the Orb.
     0 | D:1      | Reached XP level 1. HP: 14/14 MP: 1/1
     3 | D:1      | Noticed an electric eel
     4 | D:1      | Noticed an electric eel
   243 | D:1      | Reached XP level 2. HP: 18/19 MP: 2/2
   407 | D:1      | Reached skill level 1 in Spellcasting
   698 | D:1      | Slain by a kobold

Illustrated notes

Levels and vault maps discovered:
D:1:      arrival_aquarium_b, layout_rooms

Skill      XL: |  1  2 |
---------------+-------+-----
Spellcasting   | 1 |  1.0
Short Blades   | 3 |  3.0
Fighting       | |  2.0
Throwing       | |  2.0
Dodging        | |  1.0
Stealth        | |  5.3

Action                   || total
-------------------------++-------
Melee: Dagger            ||    45
       Constrict         ||    11
       Tentacles         ||     6
 Stab: Sleeping          ||     3
Armor: Skin              ||     4
Dodge: Dodged            ||    39
